 Dungeon Crawl Stone Soup version 0.22-a0-605-g9281fa2 (webtiles) character file.

419 Amnesiac the Thaumaturge (level 6, 0/29 HPs)
             Began as a Spriggan Transmuter on July 8, 2018.
             Slain by an ogre
             ... wielding a +0 giant spiked club
              (11 damage)
             ... on level 4 of the Dungeon.
             The game lasted 00:06:20 (4571 turns).

Amnesiac the Thaumaturge (Spriggan Transmuter)      Turns: 4571, Time: 00:06:21

Health: 0/29       AC:  2    Str:  6    XL:     6   Next: 62%
Magic:  16/18      EV: 21    Int: 16    God:
Gold:   159        SH:  0    Dex: 22    Spells: 16/22 levels left

rFire    . . .     SeeInvis +     - Unarmed
rCold    . . .     Gourm    .   (shield currently unavailable)
rNeg     . . .     Faith    .   (armour currently unavailable)
rPois    x         Spirit   .   (helmet currently unavailable)
rElec    .         Reflect  .   (cloak currently unavailable)
rCorr    .         Harm     .   (gloves unavailable)
MR       +....                  (boots unavailable)
Stlth    ++........             (no amulet)
HPRegen  0.09/turn              (no ring)
MPRegen  0.16/turn              (no ring)

@: spider-form (expiring)
A: tiny, unfitting armour, see invisible, herbivore, slow metabolism 2
a: End Transformation


You were on level 4 of the Dungeon.
You were not hungry.
You were a venomous arachnid creature.
You visited 1 branch of the dungeon, and saw 4 of its levels.

You collected 159 gold pieces.

Inventory:

Hand Weapons
 b - a +0 blowgun
 i - a +1 short sword of distortion
Missiles
 a - 17 arrows (quivered)
 j - 25 poisoned needles
Armour
 h - a +0 robe (melded)
 k - a +1 cloak (melded)
Scrolls
 c - 2 scrolls of remove curse {!r, unknown}
 f - 2 scrolls of enchant armour {!r, unknown}
 g - a scroll of fear {!r, unknown}
 l - 2 scrolls of identify {!r, unknown}
 m - 2 scrolls of enchant weapon {!r, unknown}
 n - a scroll of teleportation {!r, unknown}
Potions
 e - a potion of haste {!q, unknown}
 o - a potion of curing {!q, unknown}
 p - a potion of ambrosia {!q, unknown}
Comestibles
 d - a ration


   Skills:
 - Level 0.7 Fighting
 - Level 3.0 Dodging
 - Level 2.4 Unarmed Combat
 + Level 8.7 Spellcasting
 - Level 2.6 Transmutations


You had 16 spell levels left.
You knew the following spells:

 Your Spells              Type           Power        Failure   Level  Hunger
a - Beastly Appendage     Tmut           ###...       12%         1    None
b - Sticks to Snakes      Tmut           ###.....     16%         2    None
e - Spider Form           Tmut/Pois      ##........   38%         3    #......

Your spell library contained the following spells:

 Spells                   Type           Power        Failure   Level  Hunger
 Blade Hands              Tmut           ###.......   85%         5    #####..
 Ice Form                 Ice/Tmut       ##......     73%         4    ###....


Dungeon Overview and Level Annotations

Branches:
Dungeon (4/15)             Temple (0/1) D:4

Altars:
Cheibriados
Elyvilon
Gozag
Okawaru
Trog
Yredelemnul


Innate Abilities, Weirdness & Mutations

You are very small and have problems with some larger weapons.
You are too small for most types of armour.
You have supernaturally acute eyesight. (SInv)
You are a herbivore.
((You cover ground extremely quickly.))
You need to consume almost no food.


Message History

Casting: Spider Form (safe; 19% risk of failure)
Confirm with . or Enter, or press ? or * to list all spells.
You turn into a venomous arachnid creature.
The jackal barks!
Found a stone staircase leading down.
A jackal comes into view.
The jackal bites you. The jackal misses you.
The jackal barks!
You hit the jackal.
The jackal is heavily wounded.
Your transformation is almost over.
The jackal completely misses you.
You hit the jackal.
You kill the jackal!
The jackal completely misses you. x2
You hit the jackal.
The jackal is heavily wounded.
The jackal closely misses you.
You barely miss the jackal.
The jackal is heavily wounded.
The jackal barely misses you.
You hit the jackal.
The jackal is poisoned.
The jackal is almost dead.
The jackal completely misses you. The jackal misses you.
You barely miss the jackal.
The jackal is almost dead.
The jackal misses you.
You closely miss the jackal.
The jackal is severely wounded.
The jackal misses you.
You hit the jackal but do no damage.
The jackal looks as sick as possible!
The jackal is severely wounded.
The jackal misses you. x2
You hit the jackal.
You kill the jackal!
Your transformation has ended.
p - an emerald potion {!q} Magic restored.
An ogre comes into view. It is wielding a giant spiked club.
The ogre shouts!
Found a dented silver amulet.
An ogre is nearby!
Casting: Spider Form (safe; 19% risk of failure)
Confirm with . or Enter, or press ? or * to list all spells.
You turn into a venomous arachnid creature.
A quokka comes into view.
You bite the ogre!
The ogre is moderately wounded.
The ogre closely misses you. The ogre misses you.
Found a staircase to the Ecumenical Temple.
You hit the ogre.
The ogre is poisoned.
The ogre is moderately wounded.
You barely miss the ogre.
The ogre is heavily wounded.
Your transformation is almost over.
The ogre hits you with a giant spiked club!
Ouch! That really hurt!
* * * LOW HITPOINT WARNING * * *
You see here a dented silver amulet.
You hit the ogre but do no damage.
The ogre is severely wounded.
The ogre hits you with a giant spiked club!
You die...

#...###########
..............#
########
#...#########.#
#....... ##.## #.#
#.###### ##.# ##.##
#.# ##.# #...# #.#
##.#
####...###########.#
>...
........O.........[.##
.
##.....r.s...........#
#.................#.#
....#...##########.#.#
........# ###.#>#
....###.# #...#.# ##8>
#.# ###.###..# #. #.
.. ###..# ###.#.#.##
##..†##


You could see an ogre and a quokka.

Vanquished Creatures
  A bullfrog (D:4)
  A hound (D:4)
  An orc priest (D:3)
  A centaur skeleton (D:4)
  An iguana (D:4)
  An orc wizard (D:3)
  A worker ant (D:4)
  5 adders
  3 dart slugs
  3 leopard geckos
  6 orcs
  A ball python (D:2)
  4 giant cockroaches
  11 goblins
  4 hobgoblins
  3 jackals (D:4)
  A quokka (D:3)
  8 bats
  5 frilled lizards
  A jackal skeleton (D:4)
  8 kobolds
  A quokka zombie (D:4)
  3 rats
74 creatures vanquished.

Vanquished Creatures (collateral kills)
  A water moccasin skeleton (D:4)
  Terence (D:2)
  An adder (D:2)
3 creatures vanquished.

Grand Total: 77 creatures vanquished

Notes
Turn   | Place    | Note
-------+----------+-------------------------------------------
     0 | D:1      | Amnesiac the Spriggan Transmuter began the quest for the Orb.
     0 | D:1      | Reached XP level 1. HP: 9/9 MP: 5/5
   131 | D:1      | Reached skill level 3 in Spellcasting
   281 | D:1      | Reached XP level 2. HP: 9/14 MP: 4/7
   292 | D:1      | Learned a level 2 spell: Sticks to Snakes
  1029 | D:1      | Reached skill level 4 in Spellcasting
  1223 | D:2      | Reached XP level 3. HP: 12/17 MP: 7/10
  1500 | D:1      | Learned a level 3 spell: Spider Form
  1757 | D:2      | Noticed Terence
  1793 | D:2      | Reached skill level 5 in Spellcasting
  2229 | D:2      | Killed Terence
  2229 | D:2      | Reached XP level 4. HP: 21/21 MP: 0/12
  2949 | D:3      | Reached skill level 6 in Spellcasting
  3415 | D:4      | Reached XP level 5. HP: 14/25 MP: 12/15
  3544 | D:4      | Reached skill level 7 in Spellcasting
  3915 | D:2      | Found an iron altar of Okawaru.
  3915 | D:2      | Found a basalt altar of Yredelemnul.
  3915 | D:2      | Found a white marble altar of Elyvilon.
  3915 | D:2      | Found an opulent altar of Gozag.
  3918 | D:2      | Found a bloodstained altar of Trog.
  3985 | D:4      | Reached XP level 6. HP: 8/29 MP: 14/17
  4286 | D:4      | Reached skill level 8 in Spellcasting
  4305 | D:4      | Found a snail-covered altar of Cheibriados.
  4566 | D:4      | Found a staircase to the Ecumenical Temple.
  4571 | D:4      | Slain by an ogre

Vault maps used:
D:1:      nzn_arrival_settlement
D:2:      nicolae_overflow_hidden_temple, uniq_terence
D:4:      kennysheep_slug_shrine, temple_statues, grunt_tough_drop

Skill      XL: |  1  2  3  4  5  6 |
---------------+-------------------+-----
Spellcasting   | 3 4 5 6 7 8 |  8.7
Fighting       | |  0.7
Dodging        | |  3.0
Unarmed Combat | |  2.4
Transmutations | |  2.6

Action                   |  1- 3 |  4- 6 || total
-------------------------+-------+-------++-------
Melee: Unarmed           |    95 |   181 ||   276
       Kick              |     6 |       ||     6
       Headbutt          |     7 |       ||     7
       Punch             |     1 |       ||     1
 Fire: Blowgun           |    49 |    21 ||    70
 Cast: Beastly Appendage |    15 |       ||    15
       Sticks to Snakes  |     7 |     1 ||     8
       Spider Form       |     1 |    21 ||    22
 Abil: End Transformatio |       |     1 ||     1
 Stab: Sleeping          |     2 |     4 ||     6
  Eat: Ration            |       |     2 ||     2
Armor: Robe              |    11 |     8 ||    19
       Skin              |       |     8 ||     8
Dodge: Dodged            |   101 |   154 ||   255

Table legend:
 A = Spawn XP
 B = Non-spawn XP
 C = Spawn XP percentage of total XP
 D = Spawn monster count
 E = Non-spawn monster count
 F = Spawn count percentage of total count
 G = Total turns spent on level
                    A         B        C        D         E        F      G
               +---------+---------+-------+---------+---------+-------+---------
         Total |       0 |     599 |   0.0 |       0 |      77 |   0.0 |  4571
               +---------+---------+-------+---------+---------+-------+---------
           D:1 |       0 |      26 |   0.0 |       0 |      15 |   0.0 |  1541
           D:2 |       0 |     109 |   0.0 |       0 |      27 |   0.0 |  1257
           D:3 |       0 |     142 |   0.0 |       0 |      19 |   0.0 |   964
           D:4 |       0 |     322 |   0.0 |       0 |      16 |   0.0 |   809
               +---------+---------+-------+---------+---------+-------+---------
